AoeStats
← HANAMICHI

Arabia

510467947Analyzed
1v1 RM · 23h ago on Oct 1, 2026· 24m 48s· 2 players
Game mode
Random Map
Map size
Tiny (2 player)
Population
200
Speed
Normal
Resources
Standard
Victory
Conquest
Starting age
Dark Age
Ending age
Imperial Age
RankedLock teamsTeams togetherTeam positionsShared explorationLock speedFull tech treeHidden civsTurbo modeCheats
Victory
Defeat
🇦🇺 Berbers · Australia
1046
+16
🇲🇽 Persians · Mexico
1054
-16
Meerkat General
7:26 Loom
10:04 Feudal Age
15:00 Fletching
23:22 Castle Age
HANAMICHI
4:52 Loom
12:55 Feudal Age
14:30 Fletching
16:07 Wheelbarrow
Connection lost

Rejoining the realm…

Still unreachable

The connection could not be restored.

Session expired

The server has moved on; the page needs a fresh start.